AoeStats
← [GG] Shevchenko 7

Nomad

506311457Analyzed
2v2 RM · 21d ago on Sep 13, 2026· 79m 4s· 4 players
Game mode
Random Map
Map size
176×176
Population
200
Speed
Normal
Resources
Standard
Victory
Conquest
Starting age
Dark Age
Ending age
Imperial Age
RankedLock teamsTeams togetherTeam positionsShared explorationLock speedFull tech treeHidden civsTurbo modeCheats
Victory
Defeat
🇦🇺 Malay · Australia
1022
+16
🇦🇺 Jurchens · Australia
1002
+17
1037
-17
🇧🇷 Portuguese · Brazil
1022
-16
Good ol Quack
2:58 Loom
12:49 Feudal Age
13:47 Wheelbarrow
13:22 Double-Bit Axe
15:09 Town Watch
16:46 Man-at-Arms
18:38 Fletching
21:27 Arson
21:39 Fishing Lines
22:49 Forging
23:24 Gold Mining
23:24 Stone Mining
26:43 Castle Age
26:34 Bow Saw
26:18 Gillnets
28:33 Stone Shaft Mining
28:37 Gold Shaft Mining
34:14 Imperial Age
32:15 Horse Collar
34:10 Iron Casting
34:21 Squires
36:56 Pikeman
39:58 Heavy Plow
41:16 Conscription
45:26 Blast Furnace
46:49 Chemistry
48:24 Hand Cart
59:24 Medium Warships
59:18 Treadmill Crane
59:06 Halberdier
64:11 Masonry
63:58 Murder Holes
64:59 Bombard Tower
65:29 Forced Levy
69:28 Coinage
69:21 Ballistics
69:07 Siege Engineers
70:27 Bodkin Arrow
70:27 Elite Karambit Warrior
72:27 Crop Rotation
72:20 Bracer
72:21 Padded Archer Armor
73:59 Onager
75:07 Light Cavalry
77:51 Leather Archer Armor
Le Vinny
11:04 Loom
15:16 Feudal Age
16:01 Double-Bit Axe
16:01 Horse Collar
16:59 Wheelbarrow
17:47 Town Watch
21:17 Castle Age
19:38 Padded Archer Armor
20:48 Gold Mining
20:55 Stone Mining
20:59 Fletching
21:01 Fishing Lines
22:56 Bow Saw
23:14 Hand Cart
23:48 Scale Barding Armor
27:13 Husbandry
29:03 Gambesons
34:02 Imperial Age
31:38 Scale Mail Armor
31:44 Squires
32:26 Arson
33:33 Chain Mail Armor
34:21 Forging
34:08 Bodkin Arrow
39:05 Iron Casting
41:36 Elite Fire Lancer
44:36 Murder Holes
52:12 Ballistics
54:24 Leather Archer Armor
58:45 Chemistry
57:38 Heavy Rocket Cart
[GG] Raúl González Blanco
3:45 Loom
12:38 Feudal Age
18:24 Castle Age
20:19 Town Watch
27:32 Town Patrol
28:39 Kamandaran
30:57 Crossbowman
31:43 Thumb Ring
32:10 Fletching
34:12 Bodkin Arrow
38:29 Imperial Age
38:21 Wheelbarrow
38:52 Double-Bit Axe
41:22 Chemistry
43:02 Hand Cart
47:30 Bloodlines
48:04 Light Cavalry
50:05 Husbandry
50:59 Padded Archer Armor
53:33 Leather Archer Armor
53:24 Scale Barding Armor
53:56 Cavalier
63:42 Ring Archer Armor
63:23 Forging
63:46 Ballistics
66:54 Chain Barding Armor
67:09 Iron Casting
71:21 Hussar
74:14 Plate Barding Armor
74:15 Iron Casting
73:40 Scale Mail Armor
[GG] Shevchenko 7
3:05 Loom
14:31 Feudal Age
23:03 Castle Age
24:51 Fletching
25:58 Wheelbarrow
37:07 Imperial Age
41:22 Chemistry
39:59 Light Cavalry
40:02 Cavalier
40:53 Bloodlines
64:21 Elite Organ Gun
66:55 Ballistics
69:07 Hand Cart
Connection lost

Rejoining the realm…

Still unreachable

The connection could not be restored.

Session expired

The server has moved on; the page needs a fresh start.